Kradschützen Motorcycle Team
Kradschützen Motorcycle Team
Selects Battlefield Espionage Battlegroup
Construct Light Support Kompanie
Selects Intel Disruption Beacon
Construct Panzerarmee Kommand
Walking Stuka Rocket Launcher
Walking Stuka Rocket Launcher
Walking Stuka Rocket Launcher
Flak 36 Anti-tank Gun Team
Selects 250/3 Funkpanzerwagen
Selects Anti-Tank Incendiary Munitions
Walking Stuka Rocket Launcher
Selects Operation Skorpion